 Dungeon Crawl Stone Soup version 0.28.0-45-g0d030f2227 (console) character file.

Game seed: 7908383866602159361

4662 Zeor the Covert (level 10, -2/51 HPs)
             Began as a Vine Stalker Brigand on Apr 8, 2022.
             Was a Believer of Wu Jian.
             Slain by a warg (11 damage)
             ... on level 9 of the Dungeon.
             The game lasted 00:24:33 (6404 turns).

Zeor the Covert (Vine Stalker Brigand)              Turns: 6404, Time: 00:24:34

Health: -2/51      AC: 12    Str: 20    XL:     10   Next: 43%
Magic:  0/11       EV: 13    Int: 11    God:    Wu Jian [**....]
Gold:   127        SH:  0    Dex: 20    Spells: 9/9 levels left

rFire   + . .      SeeInvis .   a - +1 rapier (freeze)
rCold   + . .      Faith    .   (no shield)
rNeg    . . .      Spirit   +   w - +2 ring mail {rF+}
rPois   .          Reflect  .   (no helmet)
rElec   .          Harm     .   c - +1 cloak
rCorr   .          Rampage  .   p - +0 pair of gloves
Will    +....                   C - +0 pair of boots
Stlth   ++++......              (no amulet)
HPRegen 0.97/turn               K - +6 ring of strength
MPRegen 0.12/turn               x - ring of protection from cold

@: no status effects
A: fangs 3, regeneration 1, magic shield, antimagic bite, no potion heal 2
a: Renounce Religion, Wall Jump


You were on level 9 of the Dungeon.
You worshipped Wu Jian.
Wu Jian was pleased with you.
You visited 2 branches of the dungeon, and saw 10 of its levels.
You also visited: Ossuary.

You collected 453 gold pieces.
You spent 326 gold pieces at shops.

Inventory:

Hand Weapons
 a - a +1 rapier of freezing (weapon)
 b - a +3 dagger of venom
 t - a +3 dagger
 E - a +0 hand crossbow
 L - a +0 scimitar of flaming
 S - a +0 longbow
Missiles
 d - 10 poisoned darts
 f - 31 bolts
 h - 152 arrows
 A - 4 atropa-tipped darts
 B - 10 javelins
 F - 5 boomerangs
 P - a throwing net (quivered)
Armour
 c - a +1 cloak (worn)
 p - a +0 pair of gloves (worn)
 w - a +2 ring mail of fire resistance (worn)
 C - a +0 pair of boots (worn)
 J - a +0 cloak
Jewellery
 n - a +6 ring of intelligence
 s - a ring of positive energy
 x - a ring of protection from cold (right hand)
 K - a +6 ring of strength (left hand)
 N - a +6 ring of strength
Wands
 u - a wand of paralysis (14)
 y - a wand of iceblast (11)
 M - a wand of mindburst (6)
Scrolls
 k - 2 scrolls of immolation
 r - 4 scrolls of teleportation
 v - 2 scrolls of identify
 z - a scroll of blinking
 D - 2 scrolls of fog
 O - a scroll of enchant armour
 R - 2 scrolls of fear
Potions
 g - 5 potions of curing
 i - a potion of cancellation
 j - a potion of lignification
 l - a potion of flight
 m - a potion of magic
 o - 2 potions of haste
 q - 4 potions of brilliance
 G - a potion of resistance
 H - a potion of attraction
 I - a potion of might
 Q - a potion of mutation


   Skills:
 * Level 5.5 Fighting
 + Level 6.7 Short Blades
 * Level 0.1 Bows
 - Level 3.1 Throwing
 + Level 4.2 Armour
 * Level 4.6 Dodging
 + Level 11.4 Stealth
 * Level 2.2 Evocations


You had 9 spell levels left.
You didn't know any spells.
Your spell library contained the following spells:

 Spells                   Type           Power      Damage    Failure   Level
 Pain                     Necr           0%         1d4       50%         1
 Confusing Touch          Hex            0%         N/A       86%         3
 Ozocubu's Armour         Ice            0%         N/A       86%         3
 Agony                    Necr           0%         N/A       100%        5
 Excruciating Wounds      Necr           0%         N/A       100%        5
 Yara's Violent Unravell  Hex/Tmut       0%         3d3       100%        5
 Enfeeble                 Hex            0%         N/A       100%        7
 Ozocubu's Refrigeration  Ice            0%         4d5       100%        7


Dungeon Overview and Level Annotations

Branches:
Dungeon (9/15)             Temple (1/1) D:4         Ossuary (visited)
   Lair: D:8-11         Orc: D:9-12

Altars:
Elyvilon
Trog
Vehumet
Wu Jian

Shops:
D:4 =   D:5 ?   D:8 (

Annotations:
D:9 1 transporter


Innate Abilities, Weirdness & Mutations

You have razor-sharp teeth.
Your natural rate of healing is unusually fast.
When hurt, damage is shared between your health and your magic reserves.
Your bite disrupts and absorbs the magic of your enemies.
Potions cannot restore your health.


Message History

The curare-tipped dart barely misses the two-headed ogre.
The two-headed ogre hits you with a +0 giant spiked club!!
* * * LOW HITPOINT WARNING * * *
The two-headed ogre barely misses you.
Throw: dart (curare)
Press: ? - help, Shift-Dir - straight line, f/p - two-headed ogre
Aim: a two-headed ogre, wielding two +0 giant spiked clubs (78% to hit)
You throw a curare-tipped dart.
The curare-tipped dart hits the two-headed ogre.
The two-headed ogre is poisoned.
The two-headed ogre convulses.
The two-headed ogre seems to slow down.
The two-headed ogre is lightly wounded.
Throw: 2 throwing nets
Press: ? - help, Q - select action, (/) - cycle Shift-Dir - straight line, f/p - two-headed ogre
Aim: a two-headed ogre, wielding two +0 giant spiked clubs (lightly wounded, poisoned, slow, 78% to hit)
You throw a throwing net.
The throwing net barely misses the two-headed ogre.
You puncture the two-headed ogre! You freeze the two-headed ogre.
The two-headed ogre is moderately wounded.
You spin and attack the warg.
You closely miss the warg. The warg bites you!
* * * LOW HITPOINT WARNING * * *
The two-headed ogre is no longer moving slowly.
The warg bites you!
* * * LOW HITPOINT WARNING * * *
The two-headed ogre looks more healthy.
You hit the warg. You freeze the warg.
The warg is lightly wounded.
The warg bites you.
* * * LOW HITPOINT WARNING * * *
You closely miss the warg. Your bite misses the warg.
The warg is lightly wounded.
The warg bites you.
* * * LOW HITPOINT WARNING * * *
You completely miss the warg.
The warg is lightly wounded.
The warg bites you but does no damage.
You hit the warg. You freeze the warg.
The warg is moderately wounded.
The warg bites you!
You die...

∙ ▒▒▒▒∙∙▒▒∙∙∙∙∙∙∙∙∙∙▒
▒∙∙∙∙▒▒▒∙∙∙∙∙∙∙∙∙∙▒
▒▒▒▒▒∙▒▒▒▒ ▒∙∙∙∙∙∙∙∙∙∙▒
▒∙†>∙∙▒ ▒∙∙∙∙∙∙∙∙∙▒▒ ▒∙▒▒▒▒▒
▒▒▒▒∙▒∙∙∙∙∙∙▒▒
∙>∙▒▒▒▒▒∙▒▒▒▒▒▒▒∙∙∙∙▒▒▒▒▒▒▒▒
∙∙∙∙∙∙∙∙∙∙∙∙∙∙∙∙∙∙∙∙▒
▒∙∙∙∙∙∙∙∙▒▒▒▒∙∙∙∙∙∙▒▒
▒▒∙▒▒▒▒▒∙∙▒▒▒∙▒▒f▒▒▒
▒▒∙∙∙∙∙▒▒h▒▒▒▒▒▒▒▒
▒▒▒∙∙∙∙▒O∙∙∙∙∙∙∙▒
▒▒▒▒∙▒▒∙∙∙∙∙∙∙∙∙∙▒
∙∙∙▒▒▒▒▒∙∙∙∙▒▒▒▒∙∙∙∙∙∙∙∙▒
▒∙∙∙∙∙∙∙∙∙∙∙∙∙∙∙∙∙∙∙∙∙∙▒
∙∙▒▒▒▒∙∙▒▒▒▒▒∙∙▒▒▒▒▒▒▒▒▒
▒▒∙∙▒▒ ▒∙∙▒▒ ▒∙∙▒▒ ▒▒(▒▒


You could see a two-headed ogre and a warg.

Vanquished Creatures
  A centaur warrior (D:9)
  Sigmund (D:5)
  4 vampire mosquitoes (D:8)
  A steam dragon (D:8)
  4 water moccasins
  An ice beast (D:7)
  An orc warrior (D:8)
  A sky beast (D:6)
  3 black bears
  A centaur (D:9)
  5 ogres
  A phantom (D:4)
  A kobold brigand (D:6)
  3 bullfrogs
  A gnoll sergeant (D:8)
  7 water moccasin zombies
  A wyvern skeleton (D:6)
  A water moccasin skeleton (D:5)
  4 wights (D:7)
  A centaur zombie (D:7)
  2 hounds
  3 jellies
  2 bullfrog skeletons (D:6)
  2 orc priests
  A centaur skeleton (D:7)
  2 iguanas
  Ijyb (D:5)
  3 orc wizards
  A killer bee zombie (D:8)
  2 mummies (Ossuary)
  5 gnolls (D:8)
  10 adders
  A shadow imp (D:8)
  A white imp (D:6)
  6 adder zombies (Ossuary)
  A dart slug (D:4)
  12 orcs
  6 ball pythons
  5 endoplasms
  2 giant cockroaches
  5 goblins (D:1)
  3 hobgoblins
  4 jackals (D:1)
  7 kobolds
  3 quokkas
  7 bats
  A frilled lizard (D:1)
  A gnoll zombie (Ossuary)
  5 hobgoblin zombies (Ossuary)
  5 kobold zombies (Ossuary)
  3 orc zombies (Ossuary)
  3 rats
158 creatures vanquished.

Vanquished Creatures (others)
  A plant (D:8)
1 creature vanquished.

Grand Total: 159 creatures vanquished

Notes
Turn   | Place    | Note
-------+----------+-------------------------------------------
     0 | D:1      | Zeor the Vine Stalker Brigand began the quest for the Orb.
     0 | D:1      | Reached XP level 1. HP: 11/11 MP: 2/2
   156 | D:1      | Reached skill level 5 in Stealth
   207 | D:1      | Reached XP level 2. HP: 13/15 MP: 3/3
   290 | D:1      | Found a faded altar of an unknown god.
   306 | D:1      | Reached skill level 1 in Dodging
   846 | D:2      | Found a radiant altar of Vehumet.
   892 | D:2      | Reached XP level 3. HP: 15/18 MP: 2/4
  1184 | D:2      | Reached skill level 6 in Stealth
  1789 | D:3      | Gained mutation: Your natural rate of healing is unusually
                  | fast. [Vine Stalker growth]
  1789 | D:3      | Reached XP level 4. HP: 23/23 MP: 5/5
  1843 | D:3      | Noticed an ogre
  1859 | D:3      | Killed an ogre
  1860 | D:3      | Reached XP level 5. HP: 26/26 MP: 6/6
  2047 | D:3      | Reached skill level 7 in Stealth
  2571 | D:4      | Noticed a phantom
  2589 | D:4      | Killed a phantom
  2590 | D:4      | Reached XP level 6. HP: 16/31 MP: 7/7
  2650 | D:4      | Found a staircase to the Ecumenical Temple.
  2685 | D:4      | Found Piylefel's Jewellery Shop.
  2913 | Temple   | Entered the Ecumenical Temple
  2925 | Temple   | Became a worshipper of the Wu Jian Council
  3009 | D:4      | Noticed a water moccasin
  3019 | D:4      | Killed a water moccasin
  3020 | D:4      | Reached skill level 1 in Armour
  3020 | D:4      | Reached skill level 8 in Stealth
  3320 | D:5      | Entered Level 5 of the Dungeon
  3362 | D:5      | Noticed Ijyb
  3366 | D:5      | Killed Ijyb
  3367 | D:5      | Reached XP level 7. HP: 29/35 MP: 6/8
  3575 | D:5      | Noticed Sigmund
  3593 | D:5      | Killed Sigmund
  3642 | D:5      | Found Pycorunk's Magic Scroll Emporium.
  3647 | D:5      | Bought a scroll of identify for 26 gold pieces
  3647 | D:5      | Bought a scroll of blinking for 97 gold pieces
  3647 | D:5      | Bought a scroll of identify for 26 gold pieces
  3647 | D:5      | Bought a scroll of teleportation for 39 gold pieces
  3983 | D:6      | Gained mutation: You have razor-sharp teeth. [Vine Stalker
                  | growth]
  3983 | D:6      | Reached XP level 8. HP: 40/40 MP: 9/9
  4013 | D:6      | Reached skill level 9 in Stealth
  4068 | D:6      | Found a sand-covered staircase.
  4077 | Ossuary  | Entered an ossuary
  4113 | Ossuary  | Reached * piety under Wu Jian
  4345 | D:6      | Reached skill level 10 in Stealth
  4367 | D:6      | Reached skill level 5 in Short Blades
  4367 | D:6      | Reached XP level 9. HP: 19/45 MP: 10/10
  4535 | D:6      | Reached ** piety under Wu Jian
  5025 | D:7      | Reached skill level 11 in Stealth
  5379 | D:8      | Found Liaxze's Hydra Hut.
  5382 | D:8      | Noticed a four-headed hydra
  5441 | D:8      | Bought a +0 scimitar of flaming for 138 gold pieces
  5863 | D:8      | Reached skill level 1 in Evocations
  5868 | D:8      | Reached XP level 10. HP: 34/51 MP: 11/11
  5872 | D:8      | Reached skill level 5 in Fighting
  6198 | D:9      | Found a transporter.
  6302 | D:9      | Noticed a centaur warrior
  6319 | D:9      | Killed a centaur warrior
  6374 | D:9      | Noticed a two-headed ogre
  6404 | D:9      | Slain by a warg

Illustrated notes

Levels and vault maps discovered:
D:1:      onia_arrival_mini_maze_b, layout_loops_ring,
          hellmonk_ecumenical_altar_zigzags
D:2:      layout_loops_ring, basic_altar, nicolae_elevator_lobby_asterisk
D:3:      layout_basic, minmay_misc_feat_five, chequers_garden
D:4:      layout_gridville, minmay_temple_entry_drinking_statues, serial_shops,
          nicolae_stop_n_shop_1, nicolae_underground_beach
D:5:      layout_rooms, serial_shops, kennysheep_little_box, uniq_ijyb,
          uniq_sigmund
D:6:      layout_basic, nicolae_ossuary_entry_monument, minmay_bent
D:7:      layout_rooms
D:8:      layout_loops_ring, hangedman_abyss_or_decor_stagger,
          chequers_serial_rivers_room_a, doesnt_shop_hydraphobe
D:9:      layout_rooms, erik_lair_orcish_takeover,
          gammafunk_ghost_wrathful_warriors
Temple:   mainiacjoe_temple_circle_huts

Skill      XL: |  1  2  3  4  5  6  7  8  9 10 |
---------------+-------------------------------+-----
Stealth        | 5 6 7 8 10 11 | 11.4
Short Blades   | 2 3 5 6 |  6.7
Dodging        | 1 2 3 4 |  4.6
Fighting       | 2 3 4 5 |  5.5
Armour         | 1 2 3 4 |  4.2
Throwing       | 2 3 |  3.1
Evocations     | 1 2 |  2.2
Bows           | |  0.1

Action                   |  1- 3 |  4- 6 |  7- 9 | 10-12 || total
-------------------------+-------+-------+-------+-------++-------
Melee: Dagger            |    82 |    65 |   219 |       ||   366
       Bite              |    23 |    16 |   127 |    17 ||   183
       Punch             |     1 |     2 |     4 |     1 ||     8
       Rapier            |       |       |   133 |    56 ||   189
Throw: Dart              |       |     3 |     3 |     3 ||     9
       Javelin           |       |       |     2 |       ||     2
       Throwing net      |       |       |       |     1 ||     1
Invok: Lunge             |       |     2 |    44 |    10 ||    56
       Whirlwind         |       |       |    22 |     6 ||    28
 Abil: Wall Jump         |       |       |     1 |       ||     1
  Use: Scroll            |     6 |     6 |    14 |     1 ||    27
 Stab: Sleeping          |    14 |    10 |    21 |     4 ||    49
Armor: Robe              |     7 |       |       |       ||     7
       Leather armour    |     6 |    13 |     1 |       ||    20
       Ring mail         |       |       |    96 |    22 ||   118
Dodge: Dodged            |    43 |    27 |   152 |    33 ||   255
